 Dungeon Crawl Stone Soup version 0.28-a0-1415-g7c84da036a (webtiles) character file.

Game seed: 14385434060331144289

37305 freelancePsychic the Fighter (level 14, -8/108 HPs)
             Began as a Djinni Fire Elementalist on Jan 8, 2022.
             Was the Champion of Cheibriados.
             Killed by divine providence
             ... invoked by a meliai
              (11 damage)
             ... on level 4 of the Lair of Beasts.
             The game lasted 00:43:00 (25977 turns).

freelancePsychic the Fighter (DjFE)                Turns: 25977, Time: 00:43:00

Health: -8/108     AC: 29    Str: 22    XL:     14   Next: 28%
Gold:   2093       EV:  6    Int: 37    God:    Cheibriados [******] SH:  0 Dex: 27

rFire   + + +      SeeInvis +   m - +4 great sword (venom)
rCold   + . .      Faith    .   (shield currently unavailable)
rNeg    . . .      Spirit   .   l - +9 scales of the Dragon King {rPois rF+ rC+ Will+}
rPois   ∞          Reflect  .   (no helmet)
rElec   .          Harm     .   K - scarf {rC+ rF+}
rCorr   .          Rampage  .   r - +2 pair of gloves
Will    ++...                   (boots unavailable)
Stlth   ..........              J - amulet of the acrobat
HPRegen 0.28/turn               g - ring of see invisible
MPRegen 0.00/turn               (no ring)

@: flying, very slow
A: sickness immunity, fire resistance 2, cold vulnerability 1, float, innate
caster, hp casting, extra vitality 1, clumsy 1
a: Renounce Religion, Bend Time, Temporal Distortion, Slouch, Step From Time


You were on level 4 of the Lair of Beasts.
You worshipped Cheibriados.
Cheibriados was exalted by your worship.
You visited 4 branches of the dungeon, and saw 17 of its levels.
You also visited: Sewer, Ossuary and Bailey.

You collected 2353 gold pieces.
You spent 260 gold pieces at shops.

Inventory:

Hand Weapons
 k - a +0 scimitar
 m - a +4 great sword of venom (weapon)
 z - a +2 whip of electrocution
Missiles
 y - 32 boomerangs
Armour
 a - a +0 robe
 e - a +0 cloak
 l - the +9 scales of the Dragon King (worn) {rPois rF+ rC+ Will+}
   (You found it in a sewer)

   rF:        It protects you from fire.
   rC:        It protects you from cold.
   rPois:     It protects you from poison.
   Will:      It increases your willpower.
 p - a +2 buckler
 r - a +2 pair of gloves (worn)
 v - +0 steam dragon scales
 E - the +5 scale mail "Zaetout" {Int+4}
   (You found it on level 9 of the Dungeon)

   Int:       It affects your intelligence (+4).
 K - a scarf of resistance (worn)
Jewellery
 g - a ring of see invisible (left hand)
 J - an amulet of the acrobat (around neck)
 M - a ring of ice
Wands
 q - a wand of flame (63)
 s - a wand of charming (8)
 F - a wand of mindburst (6)
 G - a wand of digging (7)
 I - a wand of iceblast (4)
 O - a wand of acid (10)
 Q - a wand of polymorph (4)
Scrolls
 d - 3 scrolls of vulnerability
 o - a scroll of enchant armour
 t - a scroll of silence
 A - 3 scrolls of teleportation {@r4}
 C - 2 scrolls of fog
 H - 3 scrolls of identify {@r1}
 L - 2 scrolls of immolation
 N - a scroll of torment
 P - a scroll of holy word
Potions
 b - 2 potions of haste {@q3}
 c - 3 potions of lignification
 f - 3 potions of curing {@q1}
 h - 3 potions of magic
 j - 2 potions of brilliance {unknown}
 n - 3 potions of cancellation {unknown}
 u - 2 potions of berserk rage {unknown}
 w - 2 potions of attraction {unknown}
 x - 2 potions of mutation {unknown}
 B - a potion of ambrosia {unknown}
 D - 3 potions of degeneration {unknown}


   Skills:
 + Level 12.3 Fighting
 + Level 8.1 Long Blades
 + Level 9.0 Armour
 - Level 4.1 Dodging
 - Level 1.5 Stealth
 - Level 4.0 Shields
 + Level 12.0 Spellcasting


You had 4 spell levels left.
You knew the following spells:

 Your Spells              Type           Power      Damage    Failure   Level
a - Foxfire               Conj/Fire      100%       2x1d9     1%          1
b - Scorch                Fire           100%       2d10      1%          2
c - Inner Flame           Hex/Fire       84%        N/A       3%          3
d - Conjure Flame         Conj/Fire      84%        6-21      3%          3
e - Flame Wave            Conj/Fire      84%        2d12      10%         4
f - Pain                  Necr           100%       1d9       1%          1
g - Poisonous Vapours     Pois/Air       100%       N/A       1%          2
h - Manifold Assault      Tloc           84%        N/A       28%         5
i - Animate Dead          Necr           42%        N/A       10%         4
j - Summon Guardian Gole  Hex/Summ       84%        N/A       3%          3
k - Silence               Hex/Air        42%        N/A       28%         5
Your spell library was empty.

Dungeon Overview and Level Annotations

Branches:
Dungeon (10/15)            Temple (1/1) D:7            Lair (4/6) D:9
  Snake (0/4) Lair:3       Spider (0/4) Lair:2          Orc (2/2) D:10
    Elf (0/3) Orc:2         Sewer (visited)         Ossuary (visited)
 Bailey (visited)

Altars:
Ashenzari
Cheibriados
Dithmenos
Elyvilon
Fedhas
Gozag
Hepliaklqana
Kikubaaqudgha
Makhleb
Nemelex Xobeh
Okawaru
Qazlal
Ru
Sif Muna
Trog
Uskayaw
Vehumet
Wu Jian
Xom
Yredelemnul
Zin
The Shining One

Shops:
D:7 *   D:8 *

Annotations:
D:3 2 transporters, 3 runed translucent doors, Pin's ghost, weakling DrBe
Lair:1 3 runed translucent doors, Quschuilu's ghost, journeyman MiWz


Innate Abilities, Weirdness & Mutations

You are immune to sickness and miasma.
You are immune to poison.
Your flesh is very heat resistant. (rF++)
You are vulnerable to cold. (rC-)
You float through the air rather than walking.
You learn spells naturally, not from books.
Your magical power is your life essence.
You have superior vitality. (+4 MHP)
You are clumsy. (Dex -2)


Message History

You flicker back into view.
The meliai invokes the aid of its god against you.
Something smites you!
* * * LOW HITPOINT WARNING * * *
Aiming: Mindburst
Press: ? - help, Shift-Dir - straight line, f - meliai
Aim: a meliai, wielding a +0 war axe and wearing a +0 leather armour (chance to affect: 64%)
Okay, then.
Unknown command.
Aiming: Corrosive Bolt
Press: ? - help, Shift-Dir - straight line, f - meliai
Aim: a meliai, wielding a +0 war axe and wearing a +0 leather armour (57% to hit)
The bolt of acid misses the meliai.
Okay, then.
Casting: Flame Wave (dangerous; 10% risk of failure)
Confirm with . or Enter, or press ? or * to list all spells.
Flames lash the meliai.
The meliai is moderately wounded.
The meliai's fire resistance burns away.
* * * LOW HITPOINT WARNING * * *
The meliai hits you but does no damage.
The meliai stings you but does no damage.
The meliai closely misses you. The meliai stings you.
* * * LOW HITPOINT WARNING * * *
Casting: Scorch (safe; 1% risk of failure)
Confirm with . or Enter, or press ? or * to list all spells.
Flames lash the meliai.
The meliai is burned terribly!
The meliai is almost dead.
* * * LOW HITPOINT WARNING * * *
The meliai calls down the wrath of its god upon you.
Something smites you!
* * * LOW HITPOINT WARNING * * *
The meliai completely misses you. x2
You feel better.
The meliai calls down the wrath of its god upon you.
Something smites you!
* * * LOW HITPOINT WARNING * * *
The meliai mumbles some strange prayers to its god against you.
Something smites you!
You die...

### ###.##
######....##
#P......P.@#..#.#
##.......y##..#.#
##...##...#....#
#...###..##.#.. .
##..##...#...##.#
#...#...##.......
.
##......#.†#..#..
...
#.....##.#......
...
#.##............
..


You could see a meliai (combustible).

Vanquished Creatures
  An ettin (Orc:1)
  Fannar (Lair:3)
  3 hydras
  A two-headed ogre (D:8)
  A tengu warrior (D:9)
  An orc high priest (Orc:2)
  An orb spider (Lair:2)
  Pikel (D:7)
  A deep elf pyromancer (D:7)
  An elephant (Lair:4)
  A salamander (Lair:1)
  2 black mambas
  8 cane toads
  A gargoyle (D:7)
  An unseen horror (D:10)
  A kobold demonologist (D:7)
  5 komodo dragons
  3 rime drakes (Lair:4)
  A polar bear (Lair:3)
  3 trolls (Orc:2)
  A hornet (D:7)
  8 blink frogs
  A meliai zombie (D:10)
  A wraith (D:7)
  A vampire (D:10)
  A wyvern (Lair:3)
  3 shadows
  3 basilisks
  2 steam dragons
  34 yaks
  3 vampire mosquitoes (D:7)
  7 nagas (Lair:3)
  4 wargs
  An acid dragon (D:9)
  11 water moccasins
  An ice beast (D:7)
  30 orc warriors
  2 sky beasts
  A black bear (D:9)
  A necrophage (D:7)
  23 wolves
  4 ogres
  A lemure (D:6)
  A phantom (D:6)
  7 centaurs
  3 elf zombies (Ossuary)
  2 kobold brigands
  18 bullfrogs
  A water moccasin zombie (D:6)
  5 scorpions
  A gnoll sergeant (D:9)
  15 killer bees
  4 water moccasin skeletons
  5 howler monkeys
  27 wights
  4 electric eels
  4 centaur zombies
  A human zombie (Ossuary)
  3 jellies
  2 centaur skeletons
  6 hounds
  20 orc priests
  A bullfrog skeleton (D:5)
  An iguana (D:4)
  18 orc wizards
  A killer bee zombie (D:7)
  2 mummies (Ossuary)
  3 howler monkey zombies
  11 gnolls
  10 adders
  A river rat (D:4)
  2 shadow imps
  4 white imps
  An adder skeleton (D:4)
  An adder zombie (Ossuary)
  2 worms (D:4)
  3 dart slugs
  56 orcs
  4 endoplasms
  18 giant cockroaches
  19 goblins
  8 hobgoblins
  22 kobolds
  6 quokkas
  11 ball pythons
  7 bats
  15 frilled lizards
  13 hobgoblin zombies (Ossuary)
  A jackal zombie (Ossuary)
  7 kobold zombies (Ossuary)
  7 orc zombies (Ossuary)
  9 rats
  2 rat zombies (Ossuary)
577 creatures vanquished.

Vanquished Creatures (collateral kills)
  A centaur (D:7)
  A foxfire (Lair:2)
2 creatures vanquished.

Vanquished Creatures (others)
  A wight (D:7)
  A fire vortex (Lair:1)
  700 foxfires
  31 fungi
  54 plants
787 creatures vanquished.

Grand Total: 1366 creatures vanquished

Notes
Turn   | Place    | Note
-------+----------+-------------------------------------------
     0 | D:1      | freelancePsychic the Djinni Fire Elementalist began the
                  | quest for the Orb.
     0 | D:1      | Reached XP level 1. HP: 15/15 MP: 0/0
   225 | D:1      | Reached XP level 2. HP: 13/22 MP: 0/0
   520 | D:1      | Reached skill level 1 in Fighting
   730 | D:1      | Reached XP level 3. HP: 25/27 MP: 0/0
   730 | D:1      | Learned a level 1 spell: Pain
  1269 | D:1      | Found a faded altar of an unknown god.
  1879 | D:2      | Reached XP level 4. HP: 32/33 MP: 0/0
  2467 | D:2      | Reached XP level 5. HP: 35/38 MP: 0/0
  2467 | D:2      | Learned a level 2 spell: Poisonous Vapours
  2885 | D:3      | Found a transporter.
  2885 | D:3      | Found a transporter.
  3264 | D:3      | Found a runed translucent gate.
  3264 | D:3      | Found a runed translucent gate.
  3265 | D:3      | Found a runed translucent gate.
  3266 | D:3      | Noticed Pin's ghost (weakling DrBe)
  3613 | D:3      | Found an iron altar of Okawaru.
  3783 | D:4      | Found a glowing drain.
  3796 | Sewer    | Entered a sewer
  3893 | Sewer    | Reached XP level 6. HP: 43/45 MP: 0/0
  4240 | Sewer    | Found the +9 scales of the Dragon King {rPois rF+ rC+
                  | Will+}
  4655 | D:4      | Reached XP level 7. HP: 48/50 MP: 0/0
  4655 | D:4      | Learned a level 3 spell: Summon Guardian Golem
  4703 | D:4      | Reached skill level 5 in Spellcasting
  5384 | D:5      | Entered Level 5 of the Dungeon
  5795 | D:5      | Reached XP level 8. HP: 46/58 MP: 0/0
  6585 | D:6      | Reached skill level 1 in Shields
  6661 | D:6      | Reached skill level 5 in Fighting
  6775 | D:6      | Found a sand-covered staircase.
  6993 | Ossuary  | Entered an ossuary
  7191 | Ossuary  | Reached XP level 9. HP: 19/65 MP: 0/0
  7191 | Ossuary  | Learned a level 4 spell: Animate Dead
  8921 | D:7      | Found a flagged portal.
  8934 | Bailey   | Entered a bailey
  9999 | Bailey   | Reached XP level 10. HP: 46/73 MP: 0/0
 10535 | D:7      | Noticed a kobold demonologist
 10558 | D:7      | Noticed Pikel
 10562 | D:7      | Found a shimmering altar of Xom.
 10563 | D:7      | Found a burning altar of Makhleb.
 10568 | D:7      | Found a stormy altar of Qazlal.
 10569 | D:7      | Noticed a seven-headed hydra
 10573 | D:7      | Noticed a gargoyle
 10585 | D:7      | Found Ohireq's Overcharged Wands.
 11590 | D:7      | Noticed a rust devil
 11625 | D:7      | Noticed a rust devil
 11839 | D:7      | Killed Pikel
 12088 | D:7      | Found a staircase to the Ecumenical Temple.
 12141 | Temple   | Entered the Ecumenical Temple
 12428 | Temple   | Became a worshipper of Cheibriados the Contemplative
 12475 | D:7      | Killed a gargoyle
 12476 | D:7      | Reached XP level 11. HP: 41/82 MP: 0/0
 12476 | D:7      | Learned a level 5 spell: Manifold Assault
 12917 | D:7      | Reached * piety under Cheibriados
 12918 | D:7      | Reached skill level 1 in Long Blades
 12918 | D:7      | Reached skill level 1 in Armour
 13045 | D:7      | Noticed a deep elf pyromancer
 13051 | D:7      | Killed a deep elf pyromancer
 13052 | D:7      | Reached skill level 10 in Spellcasting
 13795 | D:8      | Found Nibaphul's General Store.
 13895 | D:8      | Bought a scroll of brand weapon for 260 gold pieces
 13964 | D:7      | Killed a seven-headed hydra
 14565 | D:8      | Noticed a two-headed ogre
 14572 | D:8      | Killed a two-headed ogre
 14572 | D:8      | Reached ** piety under Cheibriados
 16041 | D:9      | Reached *** piety under Cheibriados
 16047 | D:9      | Reached XP level 12. HP: 49/91 MP: 0/0
 16308 | D:9      | Identified the +5 scale mail "Zaetout" {Int+4}
 16557 | D:9      | Found a staircase to the Lair.
 16783 | D:9      | Noticed a tengu warrior
 16789 | D:9      | Killed a tengu warrior
 17212 | D:10     | Entered Level 10 of the Dungeon
 17214 | D:10     | Reached skill level 10 in Fighting
 17214 | D:10     | Reached **** piety under Cheibriados
 17218 | D:10     | Reached skill level 5 in Armour
 17913 | D:10     | Reached ***** piety under Cheibriados
 18414 | D:10     | Reached skill level 5 in Long Blades
 18555 | D:10     | Found a staircase to the Orcish Mines.
 18720 | Orc:1    | Entered Level 1 of the Orcish Mines
 19245 | Orc:1    | Noticed an ettin
 19251 | Orc:1    | Killed an ettin
 19324 | Orc:2    | Entered Level 2 of the Orcish Mines
 19932 | Orc:2    | Noticed an orc high priest
 20030 | Orc:2    | Noticed a sixfirhy
 20051 | Orc:2    | Gained mutation: You are clumsy. (Dex -2) [a neqoxec]
 20052 | Orc:2    | Killed an orc high priest
 20415 | Orc:2    | Found a staircase to the Elven Halls.
 20430 | Orc:2    | Reached ****** piety under Cheibriados
 20449 | Orc:2    | Noticed an orc high priest
 20738 | Lair:1   | Entered Level 1 of the Lair of Beasts
 20782 | Lair:1   | Reached XP level 13. HP: 80/98 MP: 0/0
 20782 | Lair:1   | Learned a level 5 spell: Silence
 22239 | Lair:1   | Found a runed translucent gate.
 22239 | Lair:1   | Found a runed translucent gate.
 22239 | Lair:1   | Found a runed translucent gate.
 22240 | Lair:1   | Noticed Quschuilu's ghost (journeyman MiWz)
 22473 | Lair:2   | Noticed a six-headed hydra
 22478 | Lair:2   | Killed a six-headed hydra
 22606 | Lair:2   | Found a hole to the Spider Nest.
 22738 | Lair:2   | Identified the +2 rapier "Ezeghane" {vorpal, rPois Str+2
                  | Stlth+}
 23259 | Lair:2   | Identified the amulet "Narrise" {RegenMP Harm rF+ Str-5
                  | SInv}
 23862 | Lair:3   | Noticed a six-headed hydra
 23870 | Lair:3   | Killed a six-headed hydra
 24343 | Lair:3   | Noticed Fannar
 24352 | Lair:3   | Killed Fannar
 24581 | Lair:3   | Reached XP level 14. HP: 78/107 MP: 0/0
 24891 | Lair:3   | Identified the +0 ring mail of Loirch {Dex+5}
 25078 | Lair:3   | Found a staircase to the Snake Pit.
 25976 | Lair:4   | HP: 2/108 [meliai/divine providence (12)]
 25977 | Lair:4   | Killed from afar by a meliai

Illustrated notes

Levels and vault maps discovered:
D:1:      amcnicky_arrival_choice, layout_basic,
          hellmonk_ecumenical_altar_prayer_group
D:2:      layout_loops_ring, minmay_unequal
D:3:      gammafunk_steamed_eel, layout_loops_cross,
          nicolae_overflow_hidden_temple, gammafunk_ghost_necromancy
D:4:      layout_basic, cheibrodos_sewer_entry_sluice
D:5:      layout_basic
D:6:      layout_basic, enter_ossuary_5
D:7:      minmay_the_grid_octo_tiled_octocenter
          [minmay_the_grid_octo_vomiting_pacman,
          minmay_the_grid_octo_checkerflower, minmay_the_grid_octo_clover,
          minmay_the_grid_octo_tetromino_candy,
          minmay_the_grid_octo_prize_big_c,
          minmay_the_grid_square_5x5_beaten_path,
          minmay_the_grid_square_5x5_gyroscope, minmay_the_grid_square_5x5_plus,
          minmay_the_grid_square_5x5_seven], layout_loops_ring,
          minmay_temple_entry_enclosed_plants, lightli_bailey_entry_fortress,
          nicolae_shop_overcharged_wands, uniq_pikel
D:8:      layout_rooms, serial_shops, nicolae_stop_n_shop_1, skrybe_limestone_x
D:9:      layout_small_grid, due_lair_maze_entry_diamond, minmay_microvault
D:10:     layout_gridville, erik_orc_2, kb_lookout_dungeons_type,
          corexii_hall_statues_i, chequers_serial_rivers_micro_e,
          grunt_decor_mini_mirrors
Temple:   mainiacjoe_temple_circle_huts
Lair:1:   layout_gridlike, ebering_ghost_rock_garden, st_stairs_13,
          grunt_megastairs_3, serial_bayou_shore_a
Lair:2:   layout_cave_pods, nicolae_spider_entry_orb_guardian, enter_volcano_2,
          serial_bayou_shore_b
Lair:3:   layout_long_grid, minmay_snake_entry_guardpost_medium,
          grunt_megastairs_1, infiniplex_staircase_pool_2, uniq_fannar
Lair:4:   regret_index_wax_grids, layout_misc_corridors, grunt_megastairs_2,
          serial_bayou_shore_b
Orc:1:    layout_caves
Orc:2:    st_orc_congregation, layout_diamond_mine

Skill      XL: |  1  2  3  4  5  6  7  8  9 10 11 12 13 14 |
---------------+-------------------------------------------+-----
Fighting       | 1 2 3 4 5 6 8 9 10 12 | 12.3
Spellcasting   | 3 4 5 6 8 9 10 11 12 | 12.0
Shields        | 2 4 |  4.0
Dodging        | 3 4 |  4.1
Long Blades    | 3 5 7 8 |  8.1
Armour         | 4 6 8 9 |  9.0
Stealth        | |  1.5

Action                   |  1- 3 |  4- 6 |  7- 9 | 10-12 | 13-15 || total
-------------------------+-------+-------+-------+-------+-------++-------
Melee: Unarmed           |       |       |     2 |       |       ||     2
       Whip              |       |       |       |     1 |       ||     1
       Great sword       |       |       |       |   118 |   157 ||   275
 Cast: Foxfire           |    69 |    75 |    81 |   158 |    37 ||   420
       Scorch            |       |    47 |   144 |   200 |    38 ||   429
       Inner Flame       |       |     2 |    40 |    58 |    10 ||   110
       Flame Wave        |       |       |     4 |    16 |    29 ||    49
       Summon Guardian G |       |       |     1 |     5 |       ||     6
       Conjure Flame     |       |       |     1 |     1 |       ||     2
       Manifold Assault  |       |       |       |    56 |     5 ||    61
Evoke: Wand              |       |       |       |       |     1 ||     1
  Use: Scroll            |     2 |     3 |     5 |    12 |     5 ||    27
       Potion            |       |       |       |    11 |     5 ||    16
 Stab: Invisible         |       |       |       |       |     6 ||     6
Armor: Robe              |     1 |     7 |    12 |    12 |       ||    32
       Steam dragon scal |       |       |       |    11 |       ||    11
       Scale mail        |       |       |       |    59 |       ||    59
       Gold dragon scale |       |       |       |       |   248 ||   248
Dodge: Dodged            |     1 |    11 |    32 |   197 |   179 ||   420
Block: Buckler           |       |       |    14 |    28 |       ||    42

Table legend: (Time is in decaauts)
 A = Elapsed time spent in this place.
 B = Non-inter-level travel time spent in this place.
 C = Inter-level travel time spent in this place.
 D = Time resting spent in this place.
 E = Time spent auto-exploring this place.
 F = Levels seen in this place.
 G = Mean time per level.
                   A        B        C        D        E       F      G
               +--------+--------+--------+--------+--------+-----+--------+
         Total |  30143 |  29376 |    767 |   4324 |  20756 |  20 | 1507.2 |
       Dungeon |  17014 |  16454 |    560 |   2549 |  11486 |  10 | 1701.4 |
        Temple |    310 |    275 |     35 |      0 |    253 |   1 |  310.0 |
          Lair |   7635 |   7545 |     90 |    643 |   5958 |   4 | 1908.8 |
  Orcish Mines |   2285 |   2204 |     81 |    453 |   1273 |   2 | 1142.5 |
         Sewer |    663 |    663 |      0 |    189 |    371 |   1 |  663.0 |
       Ossuary |    758 |    758 |      0 |      3 |    635 |   1 |  758.0 |
        Bailey |   1474 |   1474 |      0 |    487 |    780 |   1 | 1474.0 |
               +--------+--------+--------+--------+--------+-----+--------+

Top non-repeatable levels by time:
     D:7: 3074 daAuts
  Lair:2: 2660 daAuts
  Lair:1: 2422 daAuts
     D:6: 2328 daAuts
     D:9: 2102 daAuts
  Lair:3: 2098 daAuts
    D:10: 1994 daAuts
     D:1: 1751 daAuts
     D:8: 1642 daAuts
   Orc:2: 1507 daAuts
  Bailey: 1474 daAuts
     D:5: 1152 daAuts
     D:2: 1027 daAuts
     D:4: 977 daAuts
     D:3: 963 daAuts
